 Dungeon Crawl Stone Soup version 0.30-a0-1066-g63dfefce0d (webtiles) character file.

Game seed: 5139608348981322121

121114 GigaChad the Severer (level 17, 81/142 HPs) *EXPLORE*
             Began as a Formicid Fighter on Apr 12, 2023.
             Was an Initiate of Gozag.
             Quit the game on level 4 of the Pits of Slime on Apr 13, 2023.
             The game lasted 01:05:14 (34279 turns).

GigaChad the Severer (Formicid Fighter)            Turns: 34279, Time: 01:05:15

Health: 81/142     AC:  3    Str: -76 (24)XL:     17   Next: 39%
Magic:  0/13       EV:  2    Int: -89 (11)God:    Gozag
Gold:   4958       SH:  0    Dex: -87 (13)Spells: 16/16 levels left

rFire   x . .      SeeInvis +    z - +5 battleaxe (flame)
rCold   . . .      Faith    .    Q - +0 tower shield
rNeg    . . .      Spirit   .    D - +0 swamp dragon scales
rPois   +          Reflect  .    (helmet unavailable)
rElec   .          Rampage  .    A - +0 cloak {Will+}
rCorr   +          Clarity  +    (no gloves)
Will    ++...                    J - +1 pair of boots {Stlth+} Stlth
                                 (no amulet)
HPRegen 0.00/turn                c - ring of Enic {rPois rC+ Int+2 Dex+2}
MPRegen 0.13/turn                v - ring of resist corrosion

@: corroded, inhibited regen, slowed, lost strength, lost intelligence, lost
dexterity, studying Long Blades, unable to read, unable to drink, very slow
A: permanent stasis, dig shafts and tunnels, antennae 3, four strong arms,
clarity, clumsy 1, deformed body, deterioration 2, low MP 2, screaming 2, weak
2, cold vulnerability 1, heat vulnerability 1, subdued magic 3, inability to
drink after injury 2, inability to read after injury 2
a: Dig, Shaft Self, Renounce Religion, Potion Petition, Call Merchant, Bribe
Branch


You were on level 4 of the Pits of Slime.
You worshipped Gozag.
Gozag was most pleased with you.
You visited 3 branches of the dungeon, and saw 22 of its levels.

You collected 5176 gold pieces.
You paid 218 gold pieces to Gozag.

Inventory:

Hand Weapons
 a - a +0 war axe
 z - a +5 battleaxe of flaming (weapon)
 B - a +4 quarterstaff
 C - a +0 scimitar
 K - the +2 spear of Etzycakh {freeze, Will+}
   (You found it on level 12 of the Dungeon)

   Will:      It increases your willpower.
 M - a +1 quarterstaff of draining
 X - the +5 hand axe "Hydraslayer" {speed, Dex+6}
   (You found it on level 2 of the Lair of Beasts)

   Dex:       It affects your dexterity (+6).
Armour
 l - a +0 plate armour
 q - a +1 chain mail
 A - a +0 cloak of willpower (worn)
 D - +0 swamp dragon scales (worn)
 J - a +1 pair of boots of stealth (worn)
 Q - a +0 tower shield (worn)
Jewellery
 b - a ring of flight
 c - the ring of Enic (left hand) {rPois rC+ Int+2 Dex+2}
   (You found it on level 5 of the Lair of Beasts)

   [ring of protection from cold]

   Int:       It affects your intelligence (+2).
   Dex:       It affects your dexterity (+2).
   rC:        It protects you from cold.
   rPois:     It protects you from poison.
 g - a +6 ring of intelligence
 h - a ring of protection from cold
 i - the ring "Mazo" {Fire Will++ Dex+3}
   (You acquired it on level 2 of the Dungeon)

   [ring of fire]

   It enhances your fire magic.
   Dex:       It affects your dexterity (+3).
   rF:        It protects you from fire.
   rC:        It makes you vulnerable to cold.
   Will:      It greatly increases your willpower.
 v - a ring of resist corrosion (right hand)
 I - a ring of positive energy
 V - a ring of protection from fire
Wands
 f - a wand of iceblast (8)
 t - a wand of flame (19)
 w - a wand of quicksilver (19)
 y - a wand of digging (13)
 S - a wand of paralysis (5)
 W - a wand of polymorph (3)
Scrolls
 m - 2 scrolls of fear
 o - 3 scrolls of blinking
 p - 4 scrolls of fog
 s - 2 scrolls of brand weapon
 u - 11 scrolls of identify
 x - 2 scrolls of noise
 E - 3 scrolls of poison
 F - 10 scrolls of teleportation
 T - 4 scrolls of amnesia {unknown}
 Z - a scroll of torment {unknown}
Potions
 d - 5 potions of might
 e - a potion of mutation
 j - 6 potions of flight
 k - 11 potions of curing
 n - 4 potions of brilliance
 r - 4 potions of degeneration
 G - 2 potions of berserk rage
 H - 2 potions of resistance (quivered) {unknown}
 N - 5 potions of heal wounds
 R - a potion of cancellation
 U - a potion of attraction {unknown}
 Y - a potion of magic {unknown}
Miscellaneous
 L - a phantom mirror (inert)
 P - a tin of tremorstones (inert)


   Skills:
 * Level 15.5 Fighting
 * Level 5.4 Long Blades
 * Level 20.0 Axes
 * Level 13.0 Armour
 * Level 15.9 Shields
 * Level 3.9 Evocations


You had 16 spell levels left.
You didn't know any spells.
Your spell library contained the following spells:

 Spells                   Type           Power      Damage    Failure   Level
 Foxfire                  Conj/Fire      0%         2x1d4     100%        1
 Freeze                   Ice            0%         1d3       100%        1
 Slow                     Hex            0%         N/A       100%        1
 Sublimation of Blood     Necr           0%         N/A       100%        2
 Confusing Touch          Hex            0%         N/A       100%        3
 Frozen Ramparts          Ice            0%         1d1       100%        3
 Gell's Gravitas          Tloc           0%         N/A       100%        3
 Hailstorm                Conj/Ice       0%         3d3       100%        3
 Ignite Poison            Fire/Tmut/Pois 0%         N/A       100%        3
 Inner Flame              Hex/Fire       0%         N/A       100%        3
 Ozocubu's Armour         Ice            0%         N/A       100%        3
 Teleport Other           Tloc           0%         N/A       100%        3
 Vampiric Draining        Necr           0%         2d6       100%        3
 Flame Wave               Conj/Fire      0%         2d4       100%        4
 Petrify                  Tmut/Erth      0%         N/A       100%        4
 Sticky Flame             Conj/Fire      0%         2d3       100%        4
 Arcjolt                  Conj/Air       0%         1d10      100%        5
 Fireball                 Conj/Fire      0%         3d3       100%        5
 Irradiate                Conj/Tmut      0%         3d11      100%        5
 Dispersal                Tloc           0%         N/A       100%        6
 Plasma Beam              Fire/Air       0%         2x1d11    100%        6
 Starburst                Conj/Fire      0%         6d3       100%        6
 Ignition                 Fire           0%         3d3       100%        8
 Maxwell's Capacitive Co  Air            0%         ∞         100%        8
 Polar Vortex             Ice            0%         N/A       100%        9
 Vhi's Electric Charge    Tloc/Air       Unusable   N/A       N/A         3

Dungeon Overview and Level Annotations

Branches:
Dungeon (15/15)              Lair (5/5) D:11          Swamp (0/4) Lair:3
 Spider (0/4) Lair:2        Slime (5/5) Lair:4          Orc (0/2) D:10
 Vaults (0/5) D:14         Depths (0/4) D:15
 Temple: D:4-7

Altars:
Gozag
Nemelex Xobeh
Okawaru
Qazlal
Ru
Trog
Wu Jian
Jiyva

Annotations:
Lair:5 exclusion: obsidian statue
Slime:4 Dissolution
Slime:5 Royal Jelly


Innate Abilities, Weirdness & Mutations

You cannot be hasted, slowed, berserked, paralysed or teleported.
You can dig through walls and to a lower floor.
You have a pair of large antennae on your head. (SInv)
Your four strong arms can wield two-handed weapons with a shield.
You possess an exceptional clarity of mind.
You are clumsy. (Dex -2)
Armour fits poorly on your strangely shaped body.
Your body often deteriorates upon taking damage.
Your magical capacity is very low. (-20% MP)
You frequently scream uncontrollably at your foes.
You are very weak. (Str -4)
You are vulnerable to cold. (rC-)
You are vulnerable to heat. (rF-)
Your spells are much easier to cast, but much less powerful.
You sometimes lose the ability to drink potions when taking damage.
You sometimes lose the ability to read scrolls when taking damage.


Message History

The azure jelly hits you but does no damage.
The quicksilver ooze completely misses you.
The quicksilver ooze hits you.
You feel your power leaking away.
You climb downwards.
The ooze engulfing you falls away.
You gasp with relief as air once again reaches your lungs.
There is a stone staircase leading up, spattered with blood here.
Unknown command.
You completely miss Dissolution.
You hit the azure jelly but do no damage.
The azure jelly hits you. The azure jelly freezes you!!
The azure jelly hits you. The azure jelly freezes you!!
Your body deteriorates!
You feel dopey. The azure jelly completely misses you.
The azure jelly hits you but does no damage.
Dissolution hits you!!
Your body deteriorates!
You feel dopey.
You are splashed with acid.
You resist. Dissolution hits you.
* * * LOW HITPOINT WARNING * * *
You are splashed with acid.
You resist.
* * * LOW HITPOINT WARNING * * *
You hit Dissolution. You burn Dissolution.
Your hands burn!
* * * LOW HITPOINT WARNING * * *
Dissolution is lightly wounded.
You hit the azure jelly. You burn the azure jelly. The azure jelly hits you!
* * * LOW HITPOINT WARNING * * *
The azure jelly freezes you!!
Die?
Thought so.
The azure jelly hits you but does no damage. x2
The azure jelly hits you. Dissolution barely misses you. Dissolution hits you.
You are splashed with acid.
You resist.
The azure jelly hits you but does no damage.
The azure jelly hits you. The azure jelly freezes you!!!
The azure jelly hits you but does no damage.
The azure jelly hits you.
Unknown command.
Unknown command.
Unknown command.
Are you sure you want to abandon this character and quit the game? (Confirm with "yes".)

##.. #..... .. #.#.# ###
#.#.### ###.
....##.####..#.#####...
#......##......#.#....
##.##..###............
#........##....#...... ##
#............##......
##.#######........>..........
#......##..>@................
#.........JJ...#...........#
#...................##.#...#
##.#...........#.....#....##
#####.#...#..............#.
#.......................
##................#.....
#.......#....#....#.....
##....#......###.........


You could see Dissolution and an azure jelly.

Vanquished Creatures
  Jorgrun (D:15)
  9 acid blobs
  Gastronok (D:12)
  Kirke (D:12)
  3 rockslimes
  5 azure jellies
  A fire giant (D:14)
  The ghost of Aleustor the Cleaver, a journeyman FoFi of Okawaru (D:14)
  4 quicksilver oozes
  2 dire elephants (Lair:5)
  An ettin (D:15)
  9 hydras
  2 rakshasas
  2 catoblepae
  A death knight (D:14)
  3 boulder beetles
  4 two-headed ogres
  3 centaur warriors
  6 death yaks
  5 tengu warriors
  A deep troll earth mage (D:14)
  The ghost of jasper the Conjurer, a novice DsCj of Vehumet (D:10)
  A spectral anaconda (Lair:5)
  2 skysharks (Lair:3)
  A sea snake (shapeshifter) (D:15)
  4 skeletal warriors (D:14)
  A spectral death yak (Lair:5)
  4 wizards
  A phantasmal warrior (D:14)
  2 orc knights
  5 necromancers
  3 deep elf pyromancers
  2 wolf spiders (D:14)
  A deep elf zephyrmancer (D:15)
  7 shining eyes
  A harpy (shapeshifter) (D:15)
  6 ugly things
  5 manticores
  A cyclops (D:13)
  Joseph (D:10)
  A torpor snail (Lair:2)
  Maurice (D:10)
  23 elephants
  2 black mambas (Lair:5)
  A dire elephant zombie (Lair:5)
  2 eyes of devastation
  A gargoyle (D:11)
  A yaktaur (shapeshifter) (D:14)
  Maggie (D:10)
  14 cane toads
  2 unseen horrors
  7 komodo dragons
  3 kobold demonologists (D:12)
  A tengu conjurer (D:15)
  3 freezing wraiths
  5 trolls
  3 polar bears
  3 meliai (D:14)
  A hornet (D:10)
  10 blink frogs
  5 large abominations (D:13)
  7 dream sheep (Lair:5)
  A jumping spider (shapeshifter) (D:14)
  A spectral elephant (Lair:5)
  A vampire (D:14)
  Sigmund (D:6)
  56 slime creatures
  4 water elementals (D:10)
  8 yaks
  3 wyverns
  3 hogs (D:12)
  7 basilisks
  4 vampire mosquitoes (D:14)
  A death yak simulacrum (Lair:5)
  2 redbacks (Lair:2)
  4 golden eyes (Slime:5)
  2 swamp worms (Lair:3)
  A spectral cane toad (Lair:5)
  4 acid dragons (D:11)
  16 water moccasins
  A floating eye (Slime:5)
  An ice beast (D:6)
  2 black bears
  An elephant zombie (Lair:5)
  8 orc warriors
  18 wolves
  8 centaurs
  2 kobold brigands (D:12)
  8 bullfrogs
  7 small abominations (D:13)
  A gnoll sergeant (D:6)
  A cane toad simulacrum (Lair:5)
  A scorpion (D:6)
  A wight (D:7)
  2 elephant simulacra (Lair:5)
  3 howler monkeys (D:10)
  9 electric eels
  2 hounds (D:6)
  A jelly (D:6)
  6 orc priests
  Jessica (D:2)
  Ijyb (D:3)
  5 iguanas
  2 orc wizards
  Robin (D:2)
  8 gnolls
  7 adders
  A shadow imp (D:6)
  A white imp (D:6)
  2 ufetubi
  2 worms (D:2)
  2 dart slugs (D:2)
  45 orcs
  3 ball pythons
  3 bats
  5 endoplasms
  3 giant cockroaches
  11 goblins
  12 hobgoblins
  9 kobolds
  4 frilled lizards
  4 rats
545 creatures vanquished.

Vanquished Creatures (collateral kills)
  An acid blob (Slime:3)
  An azure jelly (Slime:3)
2 creatures vanquished.

Vanquished Creatures (others)
  A slime creature (Slime:5)
  42 fungi
  46 plants
  29 withered plants (Lair:5)
118 creatures vanquished.

Grand Total: 665 creatures vanquished

Notes
Turn   | Place    | Note
-------+----------+-------------------------------------------
     0 | D:1      | GigaChad the Formicid Fighter began the quest for the Orb.
     0 | D:1      | Reached XP level 1. HP: 18/18 MP: 1/1
     0 | D:1      | Entered explore mode.
   294 | D:1      | Reached XP level 2. HP: 22/24 MP: 2/2
   686 | D:2      | Reached XP level 3. HP: 29/29 MP: 3/3
   840 | D:2      | Noticed Robin
   862 | D:2      | Killed Robin
   863 | D:2      | Reached skill level 3 in Axes
   863 | D:2      | Reached XP level 4. HP: 13/37 MP: 4/4
  1021 | D:2      | Noticed Jessica
  1037 | D:2      | Killed Jessica
  1038 | D:2      | Reached XP level 5. HP: 32/42 MP: 5/5
  1279 | D:2      | Identified a scroll of acquirement
  1279 | D:2      | Acquired the ring "Mazo" {Fire Will++ Dex+3}
  1517 | D:3      | Reached skill level 4 in Axes
  1652 | D:3      | Noticed Ijyb
  1661 | D:3      | Slain by a gnoll
                  | ... wielding a +0 halberd
                  | (5 damage)
  1663 | D:3      | Reached XP level 6. HP: 39/48 MP: 6/6
  1666 | D:3      | Slain by a gnoll
                  | ... wielding a +0 halberd
                  | (12 damage)
  1670 | D:3      | Killed Ijyb
  1676 | D:3      | HP: 1/48 [gnoll/+0 halberd (10)]
  1693 | D:3      | Slain by a gnoll
                  | ... wielding a +0 halberd
                  | (6 damage)
  1719 | D:3      | Reached skill level 5 in Shields
  1883 | D:3      | Found a faded altar of an unknown god.
  2176 | D:4      | Found a stormy altar of Qazlal.
  2257 | D:4      | You fall into a shaft and drop 2 floors!
  2311 | D:6      | Reached skill level 5 in Axes
  2346 | D:6      | Reached XP level 7. HP: 51/55 MP: 7/7
  2510 | D:6      | Noticed Sigmund
  2524 | D:6      | Killed Sigmund
  2525 | D:6      | Reached skill level 6 in Axes
  2525 | D:6      | Reached skill level 5 in Armour
  2624 | D:6      | HP: 2/55 [acid (5)]
  2624 | D:6      | Splashed by a jelly's acid (8 damage)
  2668 | D:6      | Slain by a gnoll sergeant
                  | ... wielding a +4 vampiric spear
                  | (10 damage)
  2671 | D:6      | HP: 2/55 [gnoll sergeant/+4 vampiric spear (8)]
  2672 | D:6      | Slain by a gnoll
                  | ... wielding a +0 spear
                  | ... led by a gnoll sergeant
                  | (4 damage)
  2675 | D:6      | Reached XP level 8. HP: 45/61 MP: 8/8
  3135 | D:6      | Reached skill level 5 in Fighting
  3141 | D:6      | Mangled by an orc warrior
                  | ... wielding a +0 halberd
                  | (14 damage)
  3156 | D:6      | Killed by divine providence
                  | ... invoked by an orc priest
                  | (8 damage)
  3174 | D:6      | HP: 3/62 [orc warrior/+0 halberd (4)]
  3175 | D:6      | Slain by an orc warrior
                  | ... wielding a +0 halberd
                  | (7 damage)
  3562 | D:6      | Reached skill level 7 in Axes
  3699 | D:7      | Noticed a wyvern
  3700 | D:7      | Noticed a slime creature
  3704 | D:7      | Killed a wyvern
  3705 | D:7      | Reached XP level 9. HP: 43/69 MP: 9/9
  3710 | D:7      | You fall into a shaft and drop 3 floors!
  3710 | D:10     | Entered Level 10 of the Dungeon
  4299 | D:10     | Noticed a hornet
  4305 | D:10     | Killed a hornet
  4480 | D:10     | Noticed a two-headed ogre
  4489 | D:10     | Killed a two-headed ogre
  4490 | D:10     | Reached skill level 8 in Axes
  4705 | D:10     | Found a sacrificial altar of Ru.
  4721 | D:10     | Noticed Maurice
  4745 | D:10     | Killed Maurice
  4746 | D:10     | Reached skill level 9 in Axes
  4906 | D:10     | Found an iron altar of Okawaru.
  4951 | D:10     | Found an opulent altar of Gozag.
  4959 | D:10     | Found an opulent altar of Gozag.
  4960 | D:10     | Found an opulent altar of Gozag.
  4965 | D:10     | Became a worshipper of Gozag Ym Sagoz the Greedy
  5047 | D:10     | Noticed an orc knight
  5051 | D:10     | Found a staircase to the Orcish Mines.
  5069 | D:10     | Killed an orc knight
  5069 | D:10     | Shot with a bolt by an orc warrior (13 damage)
  5070 | D:10     | Reached XP level 10. HP: 79/79 MP: 10/10
  5084 | D:10     | Killed by divine providence
                  | ... invoked by an orc priest
                  | (12 damage)
  5131 | D:10     | Reached skill level 10 in Axes
  5293 | D:10     | Noticed Maggie
  5293 | D:10     | Noticed Joseph
  5325 | D:10     | Killed Joseph
  5332 | D:10     | Killed Maggie
  5526 | D:10     | Found an opulent altar of Gozag.
  5633 | D:10     | Mangled by a water elemental (16 damage)
  5639 | D:10     | HP: 2/80 [drowned by a water elemental (6)]
  5640 | D:10     | Drowned by a water elemental (8 damage)
  6092 | D:10     | Found an ornate altar of the Wu Jian Council.
  6092 | D:10     | Found a sparkling altar of Nemelex Xobeh.
  6270 | D:10     | Found a runed translucent door.
  6273 | D:10     | Noticed jasper's ghost (novice DsCj)
  6449 | D:10     | Killed jasper's ghost
  6450 | D:10     | Reached skill level 11 in Axes
  6450 | D:10     | Reached XP level 11. HP: 16/86 MP: 11/11
  6905 | D:11     | Noticed a manticore
  6913 | D:11     | HP: 3/86 [manticore (9)]
  6913 | D:11     | Mangled by a manticore (11 damage)
  6917 | D:11     | Killed a manticore
  6920 | D:11     | Slain by a troll (12 damage)
  6954 | D:11     | Noticed a manticore
  6965 | D:11     | HP: 4/87 [manticore (11)]
  6965 | D:11     | Slain by a manticore (8 damage)
  6966 | D:11     | Killed a manticore
  7108 | D:11     | Slain by a troll (10 damage)
  7114 | D:11     | Shot with an arrow by a centaur (5 damage)
  7120 | D:11     | Reached skill level 12 in Axes
  7120 | D:11     | Noticed a two-headed ogre
  7132 | D:11     | Mangled by a two-headed ogre
                  | ... wielding a +0 giant club
                  | (13 damage)
  7135 | D:11     | Killed a two-headed ogre
  7845 | D:11     | Mangled by a gargoyle
                  | ... wielding a +0 mace
                  | (17 damage)
  8185 | D:11     | Slain by a komodo dragon (15 damage)
  8228 | D:11     | Found a staircase to the Lair.
  8291 | Lair:1   | Entered Level 1 of the Lair of Beasts
  8355 | D:12     | Noticed a boulder beetle
  8373 | D:12     | Slain by a slime creature (10 damage)
  8382 | D:12     | HP: 1/89 [boulder beetle (5)]
  8383 | D:12     | Mangled by a boulder beetle (10 damage)
  8387 | D:12     | Reached XP level 12. HP: 67/96 MP: 12/12
  8397 | D:12     | Killed a boulder beetle
  8398 | D:12     | Reached skill level 13 in Axes
  8514 | D:12     | HP: 2/96 [electric eel/bolt of electricity (9)]
  8514 | D:12     | Mangled by a manticore (13 damage)
  8904 | D:12     | Noticed a two-headed ogre
  8911 | D:12     | Killed a two-headed ogre
  9269 | D:12     | Noticed a two-headed ogre
  9280 | D:12     | Killed a two-headed ogre
  9296 | D:12     | Noticed Gastronok
  9299 | D:12     | Reached skill level 10 in Fighting
  9300 | D:12     | Noticed Kirke
  9305 | D:12     | HP: 1/97 [Gastronok/the air (29)]
  9306 | D:12     | Slain by a hog (3 damage)
                  | ... led by Kirke
  9309 | D:12     | Noticed a sphinx
  9317 | D:12     | Mangled by a sphinx (18 damage)
                  | ... summoned by Kirke
  9322 | D:12     | Killed Kirke
  9323 | D:12     | Reached skill level 10 in Shields
  9333 | D:12     | Killed Gastronok
  9334 | D:12     | Reached skill level 14 in Axes
  9334 | D:12     | Reached skill level 10 in Armour
  9637 | D:12     | Killed from afar by an electric eel (12 damage)
                  | ... with a bolt of electricity
  9669 | D:12     | Identified the +2 spear of Etzycakh {freeze, Will+}
  9966 | D:12     | HP: 2/98 [electric eel/bolt of electricity (3)]
  9967 | D:12     | Killed from afar by an electric eel (11 damage)
                  | ... with a bolt of electricity
 10487 | D:13     | Noticed a large abomination
 10502 | D:13     | Reached XP level 13. HP: 57/104 MP: 13/13
 10509 | D:13     | Slain by a large abomination (21 damage)
 10522 | D:13     | Slain by a large abomination (18 damage)
 10844 | D:13     | Got the Papyrus of the Icicle
 10902 | D:13     | Identified the +0 sling "Amucap" {flame, Str+4 Dex+2}
 10902 | D:13     | Noticed a rakshasa
 10917 | D:13     | HP: 4/106 [rakshasa/+0 trident (7)]
 10918 | D:13     | Slain by a rakshasa
                  | ... wielding a +0 trident
                  | (5 damage)
 10925 | D:13     | Killed a rakshasa
 10926 | D:13     | Reached skill level 15 in Axes
 11868 | D:14     | Noticed a seven-headed hydra
 11877 | D:14     | Killed a two-headed hydra
 12099 | D:14     | Noticed a centaur warrior
 12105 | D:14     | Killed a centaur warrior
 12173 | D:14     | Demolished by a death knight
                  | ... wielding a +0 glaive
                  | (28 damage)
 12481 | D:14     | Noticed a fire giant
 12483 | D:14     | Noticed Aleustor's ghost (journeyman FoFi)
 12484 | D:14     | Noticed a rakshasa
 12495 | D:14     | Found a transporter.
 12503 | D:14     | Found a transporter.
 12514 | D:14     | HP: 2/107 [wolf spider (10)]
 12515 | D:14     | Succumbed to a wolf spider's poison
 12518 | D:14     | Mangled by a tengu warrior
                  | ... wielding a +2 heavy long sword
                  | (16 damage)
 12522 | D:14     | Reached skill level 16 in Axes
 12523 | D:14     | HP: 4/107 [deep troll earth mage (5)]
 12524 | D:14     | Slain by a deep troll earth mage (8 damage)
 12526 | D:14     | Killed a rakshasa
 12528 | D:14     | Slain by a fire giant
                  | ... wielding a +0 great sword of flaming
                  | (32 damage)
 12532 | D:14     | HP: 1/107 [tengu warrior/+0 great mace (24)]
 12532 | D:14     | Slain by a tengu warrior
                  | ... wielding a +0 great mace
                  | (3 damage)
 12536 | D:14     | Killed a fire giant
 12537 | D:14     | Reached XP level 14. HP: 76/115 MP: 14/14
 12543 | D:14     | Killed Aleustor's ghost
 12933 | D:14     | Slain by a skeletal warrior
                  | ... wielding a +0 battleaxe
                  | (17 damage)
 13129 | D:14     | HP: 1/116 [meliai/+0 war axe (6)]
 13129 | D:14     | Slain by a meliai
                  | ... wielding a +0 hand axe
                  | (6 damage)
 13434 | D:14     | Found a bloodstained altar of Trog.
 14170 | D:14     | Found a gate to the Vaults.
 14390 | D:15     | Entered Level 15 of the Dungeon
 14680 | D:15     | Reached skill level 17 in Axes
 14891 | D:15     | Noticed Jorgrun
 14902 | D:15     | Killed Jorgrun
 15431 | D:15     | Mangled by an ettin
                  | ... wielding a +2 heavy dire flail
                  | (41 damage)
 15593 | D:15     | Found a staircase to the Depths.
 17115 | Lair:2   | Found a hole to the Spider Nest.
 17208 | Lair:2   | Reached XP level 15. HP: 120/124 MP: 15/15
 18188 | Lair:2   | Identified the +5 hand axe "Hydraslayer" {speed, Dex+6}
 18498 | Lair:3   | Reached skill level 18 in Axes
 19386 | Lair:3   | Found a staircase to the Swamp.
 20367 | Lair:4   | Found a viscous altar of Jiyva.
 20367 | Lair:4   | Found a staircase to the Slime Pits.
 21062 | Lair:5   | Entered Level 5 of the Lair of Beasts
 21367 | Lair:5   | HP: 5/126 [black mamba (2)]
 21367 | Lair:5   | Mangled by a catoblepas (12 damage)
                  | ... while petrified by a catoblepas
 21386 | Lair:5   | HP: 1/126 [cane toad (12)]
 21387 | Lair:5   | Succumbed to a cane toad's poison
 21391 | Lair:5   | Reached XP level 16. HP: 97/133 MP: 16/16
 22448 | Lair:5   | Reached skill level 1 in Long Blades
 22743 | Lair:5   | Reached skill level 19 in Axes
 22743 | Lair:5   | Reached skill level 1 in Evocations
 23212 | Lair:5   | Reached skill level 15 in Shields
 23503 | Lair:5   | Identified the ring of Enic {rPois rC+ Int+2 Dex+2}
 23879 | Slime:1  | Entered Level 1 of the Pits of Slime
 23879 | Slime:1  | Noticed an azure jelly
 23896 | Slime:1  | Killed an azure jelly
 24105 | Slime:1  | Gained mutation: Your magical capacity is low. (-10% MP) [a
                  | shining eye]
 24108 | Slime:1  | Gained mutation: You are clumsy. (Dex -2) [a shining eye]
 24112 | Slime:1  | Noticed an acid blob
 24117 | Slime:1  | Noticed a rockslime
 24118 | Slime:1  | Killed an acid blob
 24119 | Slime:1  | Noticed a rockslime
 24130 | Slime:1  | Gained mutation: You are weak. (Str -2) [a shining eye]
 24134 | Slime:1  | Mangled by a rockslime (19 damage)
 24138 | Slime:1  | Gained mutation: You have hidden genetic defects. [a
                  | shining eye]
 24139 | Slime:1  | Killed a rockslime
 24142 | Slime:1  | Gained mutation: Your body sometimes deteriorates upon
                  | taking damage. [a shining eye]
 24144 | Slime:1  | Gained mutation: You occasionally lose the ability to read
                  | scrolls when taking damage. [a shining eye]
 24145 | Slime:1  | Gained mutation: You have sharp toenails. [a shining eye]
 24664 | Slime:1  | Noticed an acid blob
 24672 | Slime:1  | Mangled by an acid blob (33 damage)
 24675 | Slime:1  | Killed an acid blob
 24776 | Slime:1  | You fall into a shaft and drop 1 floor!
 24785 | Slime:2  | Noticed an acid blob
 24793 | Slime:2  | Gained mutation: You are very weak. (Str -4) [a shining
                  | eye]
 24794 | Slime:2  | Gained mutation: Your body often deteriorates upon taking
                  | damage. [a shining eye]
 24796 | Slime:2  | HP: 2/134 [acid (5)]
 24797 | Slime:2  | Splashed by an acid blob's acid (2 damage)
 24802 | Slime:2  | Gained mutation: Your magical capacity is very low. (-20%
                  | MP) [a shining eye]
 24805 | Slime:2  | Killed an acid blob
 24806 | Slime:2  | Gained mutation: You sometimes lose the ability to read
                  | scrolls when taking damage. [a shining eye]
 24842 | Slime:2  | Noticed an acid blob
 24864 | Slime:2  | Killed an acid blob
 24875 | Slime:2  | Gained mutation: Your spells are a little easier to cast,
                  | but a little less powerful. [hidden defects]
 25547 | Slime:3  | Gained mutation: Your spells are easier to cast, but less
                  | powerful. [a shining eye]
 26016 | Slime:3  | Noticed an azure jelly
 26027 | Slime:3  | Killed an azure jelly
 26028 | Slime:3  | Reached skill level 15 in Fighting
 26032 | Slime:3  | HP: 5/136 [quicksilver ooze (6)]
 26034 | Slime:3  | Slain by a slime creature (9 damage)
 26116 | Slime:3  | Lost mutation: You have sharp toenails. [a shining eye]
 26117 | Slime:3  | Gained mutation: You are vulnerable to heat. (rF-) [a
                  | shining eye]
 26122 | Slime:3  | Gained mutation: Armour fits poorly on your strangely
                  | shaped body. [a shining eye]
 26124 | Slime:3  | Gained mutation: You occasionally lose the ability to drink
                  | potions when taking damage. [a shining eye]
 26125 | Slime:3  | Gained mutation: You are frail. (-10% HP) [a shining eye]
 26697 | Slime:4  | Noticed a rockslime
 26700 | Slime:4  | Noticed an azure jelly
 26700 | Slime:4  | Noticed an azure jelly
 26710 | Slime:4  | HP: 6/122 [azure jelly (7)]
 26710 | Slime:4  | Annihilated by an azure jelly (54 damage)
 26711 | Slime:4  | Killed an azure jelly
 26712 | Slime:4  | Mangled by an azure jelly (37 damage)
 26715 | Slime:4  | Annihilated by an azure jelly (57 damage)
 26716 | Slime:4  | Killed an azure jelly
 26717 | Slime:4  | Noticed an acid blob
 26718 | Slime:4  | Killed a rockslime
 26731 | Slime:4  | Killed an acid blob
 26740 | Slime:4  | Gained mutation: Your spells are much easier to cast, but
                  | much less powerful. [hidden defects]
 26740 | Slime:4  | Lost mutation: You have hidden genetic defects. [hidden
                  | defects expressed]
 27062 | Slime:4  | Reached XP level 17. HP: 66/127 MP: 13/13
 27085 | Slime:4  | Mangled by a large slime creature (25 damage)
 27176 | Slime:4  | Noticed an acid blob
 27185 | Slime:4  | HP: 4/127 [acid blob/splash of acid (9)]
 27187 | Slime:4  | Splashed by an acid blob's acid (2 damage)
 27192 | Slime:4  | HP: 5/127 [acid (2)]
 27195 | Slime:4  | Killed from afar by an acid blob (11 damage)
                  | ... with a splash of acid
 27196 | Slime:4  | Killed an acid blob
 28424 | Slime:5  | Entered Level 5 of the Pits of Slime
 28446 | Slime:5  | Gained mutation: You are vulnerable to cold. (rC-) [a
                  | shining eye]
 28447 | Slime:5  | Noticed an acid blob
 28456 | Slime:5  | Noticed an acid blob
 28470 | Slime:5  | HP: 5/127 [acid blob/splash of acid (11)]
 28471 | Slime:5  | Killed from afar by an acid blob (9 damage)
                  | ... with a splash of acid
 28477 | Slime:5  | HP: 6/127 [acid (1)]
 28477 | Slime:5  | Annihilated by an acid blob (41 damage)
 28480 | Slime:5  | Slain by a quicksilver ooze (12 damage)
 28482 | Slime:5  | Killed an acid blob
 28483 | Slime:5  | Reached skill level 5 in Long Blades
 28483 | Slime:5  | Killed an acid blob
 28484 | Slime:5  | Noticed an acid blob
 28485 | Slime:5  | HP: 2/127 [drowned by a quicksilver ooze (6)]
 28485 | Slime:5  | Annihilated by a quicksilver ooze (26 damage)
 28488 | Slime:5  | Reached skill level 20 in Axes
 28488 | Slime:5  | Mangled by a very large slime creature (50 damage)
 28497 | Slime:5  | Noticed an acid blob
 28502 | Slime:5  | Killed from afar by an acid blob (13 damage)
                  | ... with a splash of acid
 28503 | Slime:5  | Noticed the Royal Jelly
 28506 | Slime:5  | Demolished by an acid blob (42 damage)
 28510 | Slime:5  | HP: 4/127 [acid (4)]
 28511 | Slime:5  | HP: 1/127 [acid (2)]
 28511 | Slime:5  | Splashed by the Royal Jelly's acid (2 damage)
 28512 | Slime:5  | Lost intelligence.
 28512 | Slime:5  | Demolished by an acid blob (29 damage)
                  | ... while paralysed
 28513 | Slime:5  | Mangled by the Royal Jelly (12 damage)
                  | ... while paralysed
 28514 | Slime:5  | Splashed by an acid blob's acid (3 damage)
                  | ... while paralysed
 28515 | Slime:5  | Slain by a great orb of eyes (19 damage)
 28515 | Slime:5  | Mangled by an azure jelly (37 damage)
 28516 | Slime:5  | Slain by the Royal Jelly (9 damage)
 28517 | Slime:5  | Mangled by a slime creature (20 damage)
 28518 | Slime:5  | Annihilated by an acid blob (40 damage)
 28519 | Slime:5  | Annihilated by an acid blob (42 damage)
 28520 | Slime:5  | HP: 4/127 [acid (3)]
 28520 | Slime:5  | Killed from afar by an acid blob (9 damage)
                  | ... with a splash of acid
 28521 | Slime:5  | Annihilated by an azure jelly (60 damage)
 28521 | Slime:5  | Mangled by a quicksilver ooze (27 damage)
                  | ... created by the Royal Jelly
 28522 | Slime:5  | Slain by an azure jelly (39 damage)
 28523 | Slime:5  | Drowned by a quicksilver ooze (8 damage)
                  | ... created by the Royal Jelly
 28523 | Slime:5  | Slain by an azure jelly (10 damage)
 28524 | Slime:5  | Annihilated by an azure jelly (64 damage)
 28525 | Slime:5  | HP: 6/127 [azure jelly (9)]
 28525 | Slime:5  | Demolished by an azure jelly (25 damage)
 28526 | Slime:5  | Annihilated by an azure jelly (61 damage)
 28527 | Slime:5  | Mangled by an acid blob (14 damage)
 28527 | Slime:5  | Slain by an azure jelly (7 damage)
 28528 | Slime:5  | HP: 1/127 [azure jelly (5)]
 28528 | Slime:5  | Annihilated by an azure jelly (37 damage)
 28529 | Slime:5  | Annihilated by an azure jelly (58 damage)
 28530 | Slime:5  | Splashed by an acid blob's acid (2 damage)
 28530 | Slime:5  | Slain by an azure jelly (37 damage)
 28531 | Slime:5  | Annihilated by an azure jelly (54 damage)
 28532 | Slime:5  | Annihilated by an acid blob (40 damage)
 28533 | Slime:5  | Slain by an azure jelly (10 damage)
 28533 | Slime:5  | HP: 5/127 [azure jelly (60)]
 28533 | Slime:5  | Slain by an azure jelly (10 damage)
 28534 | Slime:5  | HP: 2/127 [azure jelly (55)]
 28534 | Slime:5  | Lost dexterity.
 28534 | Slime:5  | Annihilated by an azure jelly (42 damage)
                  | ... while paralysed
 28535 | Slime:5  | Mangled by an azure jelly (10 damage)
                  | ... while paralysed
 28535 | Slime:5  | Mangled by an azure jelly (63 damage)
                  | ... while paralysed
 28536 | Slime:5  | Demolished by an acid blob (24 damage)
                  | ... while paralysed
 28536 | Slime:5  | Annihilated by an azure jelly (60 damage)
                  | ... while paralysed
 28537 | Slime:5  | Annihilated by an azure jelly (48 damage)
 28537 | Slime:5  | Slain by the Royal Jelly (30 damage)
 28538 | Slime:5  | Mangled by an azure jelly (58 damage)
 28538 | Slime:5  | Lost strength.
 28538 | Slime:5  | Slain by an azure jelly (25 damage)
                  | ... while paralysed
 28538 | Slime:5  | Mangled by an acid blob (41 damage)
                  | ... while paralysed
 28539 | Slime:5  | Annihilated by an azure jelly (66 damage)
                  | ... while paralysed
 28540 | Slime:5  | Annihilated by an azure jelly (48 damage)
                  | ... while paralysed
 28541 | Slime:5  | Mangled by the Royal Jelly (21 damage)
 28541 | Slime:5  | HP: 4/127 [azure jelly (40)]
 28541 | Slime:5  | Slain by an azure jelly (9 damage)
 28541 | Slime:5  | Mangled by an azure jelly (25 damage)
 28542 | Slime:5  | Annihilated by an azure jelly (27 damage)
 28542 | Slime:5  | Slain by the Royal Jelly (28 damage)
 28543 | Slime:5  | Annihilated by an acid blob (40 damage)
 28543 | Slime:5  | Killed from afar by an acid blob (12 damage)
                  | ... with a splash of acid
 28544 | Slime:5  | Slain by a slime creature (5 damage)
 28545 | Slime:5  | Demolished by an acid blob (34 damage)
 28545 | Slime:5  | Annihilated by an azure jelly (55 damage)
 28546 | Slime:5  | Demolished by an azure jelly (61 damage)
 28546 | Slime:5  | Slain by an acid blob (24 damage)
 28546 | Slime:5  | Slain by an azure jelly (8 damage)
 28547 | Slime:5  | HP: 6/127 [azure jelly (57)]
 28547 | Slime:5  | Mangled by an azure jelly (12 damage)
 28547 | Slime:5  | Mangled by an azure jelly (39 damage)
 28548 | Slime:5  | HP: 2/127 [acid (4)]
 28548 | Slime:5  | Killed from afar by an acid blob (16 damage)
                  | ... with a splash of acid
 28548 | Slime:5  | Annihilated by an azure jelly (63 damage)
 28549 | Slime:5  | Slain by an azure jelly (5 damage)
 28549 | Slime:5  | Mangled by an azure jelly (24 damage)
 28550 | Slime:5  | Mangled by an azure jelly (37 damage)
 28551 | Slime:5  | Slain by an azure jelly (3 damage)
 28551 | Slime:5  | Mangled by an acid blob (42 damage)
 28552 | Slime:5  | Mangled by a great orb of eyes (20 damage)
 28552 | Slime:5  | Slain by an azure jelly (3 damage)
 28553 | Slime:5  | HP: 3/127 [azure jelly (57)]
 28553 | Slime:5  | Mangled by an azure jelly (11 damage)
 28553 | Slime:5  | Mangled by a great orb of eyes (8 damage)
 28554 | Slime:5  | Annihilated by an azure jelly (49 damage)
 28554 | Slime:5  | Splashed by an acid blob's acid (3 damage)
 28555 | Slime:5  | HP: 1/127 [azure jelly (11)]
 28555 | Slime:5  | Mangled by an azure jelly (11 damage)
 28555 | Slime:5  | Annihilated by an azure jelly (43 damage)
 28556 | Slime:5  | Killed an acid blob
 28556 | Slime:5  | Mangled by an azure jelly (48 damage)
 28557 | Slime:5  | Slain by an azure jelly (10 damage)
 28557 | Slime:5  | Annihilated by an azure jelly (49 damage)
 28558 | Slime:5  | Mangled by an azure jelly (48 damage)
 28559 | Slime:5  | Slain by a quicksilver ooze (8 damage)
                  | ... created by the Royal Jelly
 28559 | Slime:5  | Slain by a quicksilver ooze (7 damage)
                  | ... created by the Royal Jelly
 28560 | Slime:5  | HP: 3/127 [acid (2)]
 28560 | Slime:5  | Drowned by a quicksilver ooze (9 damage)
                  | ... created by the Royal Jelly
 28560 | Slime:5  | Mangled by a quicksilver ooze (26 damage)
                  | ... created by the Royal Jelly
 28560 | Slime:5  | Demolished by an azure jelly (28 damage)
 28561 | Slime:5  | Slain by an azure jelly (11 damage)
 28562 | Slime:5  | Mangled by an azure jelly (12 damage)
 28562 | Slime:5  | Annihilated by an azure jelly (45 damage)
 28563 | Slime:5  | Demolished by an azure jelly (49 damage)
 28564 | Slime:5  | Demolished by an azure jelly (31 damage)
 28566 | Slime:5  | Annihilated by an azure jelly (66 damage)
 28566 | Slime:5  | HP: 1/127 [azure jelly (64)]
 28566 | Slime:5  | Slain by an azure jelly (2 damage)
 28567 | Slime:5  | Mangled by an acid blob (42 damage)
 28568 | Slime:5  | Killed from afar by an acid blob (6 damage)
                  | ... with a splash of acid
 28570 | Slime:5  | Annihilated by an azure jelly (64 damage)
 28572 | Slime:5  | Slain by an acid blob (34 damage)
 28574 | Slime:5  | Annihilated by an azure jelly (55 damage)
 28574 | Slime:5  | HP: 4/127 [azure jelly (61)]
 28574 | Slime:5  | Slain by an azure jelly (9 damage)
 28575 | Slime:5  | Mangled by an azure jelly (54 damage)
 28575 | Slime:5  | Demolished by an azure jelly (24 damage)
 28576 | Slime:5  | Mangled by a quicksilver ooze (25 damage)
                  | ... created by the Royal Jelly
 28576 | Slime:5  | Slain by an azure jelly (5 damage)
 28577 | Slime:5  | Annihilated by an azure jelly (57 damage)
 28578 | Slime:5  | Slain by a quicksilver ooze (15 damage)
                  | ... created by the Royal Jelly
 28578 | Slime:5  | Slain by an azure jelly (48 damage)
 28579 | Slime:5  | HP: 5/127 [azure jelly (11)]
 28579 | Slime:5  | Annihilated by an azure jelly (52 damage)
 28580 | Slime:5  | Mangled by the Royal Jelly (41 damage)
 28580 | Slime:5  | Slain by an azure jelly (10 damage)
 28580 | Slime:5  | Mangled by the Royal Jelly (21 damage)
 28581 | Slime:5  | Annihilated by an azure jelly (57 damage)
 28581 | Slime:5  | Demolished by an azure jelly (42 damage)
 28583 | Slime:5  | Demolished by an acid blob (21 damage)
 28584 | Slime:5  | Annihilated by an azure jelly (48 damage)
 28585 | Slime:5  | Slain by a quicksilver ooze (13 damage)
                  | ... created by the Royal Jelly
 28585 | Slime:5  | Slain by a quicksilver ooze (18 damage)
                  | ... created by the Royal Jelly
 28586 | Slime:5  | Slain by an azure jelly (55 damage)
 28590 | Slime:5  | HP: 4/127 [quicksilver ooze[the Royal Jelly] (19)]
 28590 | Slime:5  | Slain by an azure jelly (8 damage)
 28591 | Slime:5  | Slain by an azure jelly (8 damage)
 28591 | Slime:5  | Drowned by a quicksilver ooze (8 damage)
                  | ... created by the Royal Jelly
 28592 | Slime:5  | Mangled by a quicksilver ooze (13 damage)
                  | ... created by the Royal Jelly
 28592 | Slime:5  | Slain by an azure jelly (9 damage)
 28593 | Slime:5  | Demolished by an azure jelly (55 damage)
 28596 | Slime:5  | Slain by a quicksilver ooze (10 damage)
                  | ... created by the Royal Jelly
 28598 | Slime:5  | HP: 1/127 [azure jelly (24)]
 28598 | Slime:5  | Mangled by an azure jelly (8 damage)
 28600 | Slime:4  | Mangled by an acid blob (20 damage)
 28600 | Slime:4  | Demolished by an acid blob (28 damage)
 28601 | Slime:4  | Slain by an azure jelly (8 damage)
 28602 | Slime:4  | Annihilated by an azure jelly (60 damage)
 28603 | Slime:4  | Slain by an azure jelly (45 damage)
 28603 | Slime:4  | HP: 6/127 [azure jelly (12)]
 28604 | Slime:4  | Mangled by an acid blob (10 damage)
 28605 | Slime:4  | Demolished by an azure jelly (45 damage)
 28605 | Slime:4  | Mangled by an azure jelly (51 damage)
 28606 | Slime:4  | Slain by an azure jelly (9 damage)
 28607 | Slime:4  | Mangled by an azure jelly (11 damage)
 28607 | Slime:4  | Mangled by an azure jelly (66 damage)
 28608 | Slime:4  | HP: 2/127 [acid blob/splash of acid (10)]
 28609 | Slime:4  | Splashed by an acid blob's acid (2 damage)
 28609 | Slime:4  | Mangled by an azure jelly (63 damage)
 28609 | Slime:4  | Demolished by an azure jelly (66 damage)
 28610 | Slime:4  | Annihilated by an azure jelly (64 damage)
 28611 | Slime:4  | Slain by an azure jelly (7 damage)
 28612 | Slime:4  | Slain by an acid blob (1 damage)
 28613 | Slime:4  | Splashed by an acid blob's acid (2 damage)
 28613 | Slime:4  | HP: 2/127 [azure jelly (8)]
 28613 | Slime:4  | Mangled by an azure jelly (8 damage)
 28613 | Slime:4  | Mangled by an azure jelly (42 damage)
 28614 | Slime:4  | Demolished by an acid blob (28 damage)
 28615 | Slime:4  | Slain by an azure jelly (10 damage)
 28616 | Slime:4  | Slain by an azure jelly (3 damage)
 28616 | Slime:4  | Annihilated by an azure jelly (54 damage)
 28618 | Slime:4  | Annihilated by an acid blob (39 damage)
 28621 | Slime:4  | Annihilated by an azure jelly (52 damage)
 28622 | Slime:4  | Mangled by an azure jelly (46 damage)
 28624 | Slime:3  | Demolished by an azure jelly (36 damage)
 28625 | Slime:3  | HP: 4/127 [acid (3)]
 28626 | Slime:3  | Demolished by an acid blob (20 damage)
 28626 | Slime:3  | Noticed Dissolution
 28626 | Slime:3  | Mangled by a quicksilver ooze (15 damage)
 28627 | Slime:3  | Annihilated by an azure jelly (46 damage)
 28628 | Slime:3  | Annihilated by an azure jelly (60 damage)
 28628 | Slime:3  | Annihilated by an azure jelly (63 damage)
 28629 | Slime:3  | Annihilated by an azure jelly (57 damage)
 28630 | Slime:3  | Slain by an azure jelly (6 damage)
 28630 | Slime:3  | Demolished by an azure jelly (66 damage)
 28630 | Slime:3  | Annihilated by an azure jelly (57 damage)
 28630 | Slime:3  | Demolished by an azure jelly (54 damage)
 28631 | Slime:3  | Slain by an azure jelly (61 damage)
 28631 | Slime:3  | Mangled by Dissolution (42 damage)
 28631 | Slime:3  | HP: 4/127 [azure jelly (7)]
 28631 | Slime:3  | Mangled by an azure jelly (11 damage)
 28632 | Slime:3  | Annihilated by an azure jelly (66 damage)
 28633 | Slime:3  | Mangled by an azure jelly (11 damage)
 28633 | Slime:3  | Mangled by Dissolution (43 damage)
 28633 | Slime:3  | Annihilated by an azure jelly (66 damage)
 28633 | Slime:3  | Slain by an azure jelly (37 damage)
 28634 | Slime:3  | Mangled by a quicksilver ooze (14 damage)
 28634 | Slime:3  | Annihilated by an azure jelly (61 damage)
 28634 | Slime:3  | Mangled by Dissolution (36 damage)
 28635 | Slime:3  | Slain by an azure jelly (36 damage)
 28635 | Slime:3  | Annihilated by an azure jelly (66 damage)
 28635 | Slime:3  | Slain by Dissolution (37 damage)
 28635 | Slime:3  | Slain by an azure jelly (10 damage)
 28636 | Slime:3  | Mangled by a quicksilver ooze (15 damage)
 28636 | Slime:3  | HP: 6/127 [azure jelly (6)]
 28636 | Slime:3  | Slain by an azure jelly (11 damage)
 28636 | Slime:3  | Slain by a quicksilver ooze (12 damage)
 28637 | Slime:3  | Slain by an azure jelly (5 damage)
 28637 | Slime:3  | Demolished by a quicksilver ooze (23 damage)
 28637 | Slime:3  | Slain by an azure jelly (12 damage)
 28637 | Slime:3  | HP: 1/127 [azure jelly (27)]
 28637 | Slime:3  | Slain by an azure jelly (2 damage)
 28637 | Slime:3  | Splashed by Dissolution's acid (3 damage)
 28638 | Slime:3  | Demolished by an azure jelly (60 damage)
 28638 | Slime:3  | Mangled by a quicksilver ooze (9 damage)
 28638 | Slime:3  | Mangled by an azure jelly (10 damage)
 28638 | Slime:3  | Slain by an azure jelly (7 damage)
 28639 | Slime:3  | Annihilated by a quicksilver ooze (24 damage)
 28639 | Slime:3  | Annihilated by an azure jelly (55 damage)
 28639 | Slime:3  | Slain by an azure jelly (8 damage)
 28639 | Slime:3  | Mangled by an azure jelly (11 damage)
 28639 | Slime:3  | Mangled by an azure jelly (52 damage)
 28640 | Slime:3  | Annihilated by an azure jelly (43 damage)
 28640 | Slime:3  | Slain by an azure jelly (6 damage)
 28641 | Slime:3  | Killed themself with a badly aimed burst of rock shards (28
                  | damage)
 28641 | Slime:3  | Demolished by an azure jelly (24 damage)
 28641 | Slime:3  | Demolished by an azure jelly (30 damage)
 28641 | Slime:3  | Annihilated by an azure jelly (58 damage)
 28642 | Slime:3  | Annihilated by an azure jelly (51 damage)
 28642 | Slime:3  | Killed from afar by an acid blob (11 damage)
                  | ... with a splash of acid
 28642 | Slime:3  | HP: 4/127 [azure jelly (24)]
 28642 | Slime:3  | HP: 1/127 [azure jelly (3)]
 28642 | Slime:3  | Annihilated by an azure jelly (54 damage)
 28642 | Slime:3  | Slain by an azure jelly (8 damage)
 28643 | Slime:3  | Slain by an azure jelly (3 damage)
 28643 | Slime:3  | Slain by an azure jelly (12 damage)
 28644 | Slime:3  | Drowned by a quicksilver ooze (14 damage)
 28644 | Slime:3  | Slain by an azure jelly (48 damage)
 28644 | Slime:3  | Demolished by Dissolution (45 damage)
 28644 | Slime:3  | Mangled by an azure jelly (11 damage)
 28645 | Slime:3  | Slain by a quicksilver ooze (3 damage)
 28645 | Slime:3  | Demolished by an azure jelly (51 damage)
 28646 | Slime:3  | Demolished by a quicksilver ooze (27 damage)
 28646 | Slime:3  | Mangled by an azure jelly (12 damage)
 28646 | Slime:3  | Splashed by an acid blob's acid (4 damage)
 28647 | Slime:3  | Slain by an azure jelly (11 damage)
 28647 | Slime:3  | Annihilated by an azure jelly (48 damage)
 28647 | Slime:3  | Annihilated by an azure jelly (66 damage)
 28647 | Slime:3  | Slain by Dissolution (13 damage)
 28647 | Slime:3  | HP: 3/127 [azure jelly (12)]
 28647 | Slime:3  | Slain by an azure jelly (7 damage)
 28648 | Slime:3  | Mangled by an azure jelly (31 damage)
 28648 | Slime:3  | Demolished by Dissolution (20 damage)
 28648 | Slime:3  | Slain by an azure jelly (60 damage)
 28648 | Slime:3  | Slain by a quicksilver ooze (3 damage)
 28649 | Slime:3  | Annihilated by an azure jelly (61 damage)
 28649 | Slime:3  | Killed an acid blob
 28649 | Slime:3  | Annihilated by Dissolution (34 damage)
 28650 | Slime:3  | Slain by an azure jelly (6 damage)
 28650 | Slime:3  | Slain by a quicksilver ooze (14 damage)
 28650 | Slime:3  | Demolished by an azure jelly (46 damage)
 28651 | Slime:3  | Slain by Dissolution (2 damage)
 28651 | Slime:3  | Annihilated by an azure jelly (40 damage)
 28652 | Slime:3  | Slain by an azure jelly (27 damage)
 28652 | Slime:3  | HP: 3/127 [azure jelly (34)]
 28652 | Slime:3  | Mangled by an azure jelly (11 damage)
 28653 | Slime:3  | Mangled by Dissolution (19 damage)
 28654 | Slime:3  | Mangled by an azure jelly (22 damage)
 28654 | Slime:3  | Annihilated by an azure jelly (48 damage)
 28655 | Slime:3  | Annihilated by an azure jelly (46 damage)
 28655 | Slime:3  | Gained mutation: You occasionally shout uncontrollably at
                  | your foes. [a shining eye]
 28656 | Slime:3  | HP: 1/127 [azure jelly (55)]
 28656 | Slime:3  | Slain by an azure jelly (5 damage)
 28656 | Slime:3  | Slain by Dissolution (10 damage)
 28656 | Slime:3  | Slain by an azure jelly (11 damage)
 28657 | Slime:3  | Annihilated by an azure jelly (58 damage)
 28658 | Slime:3  | Slain by an azure jelly (24 damage)
 28659 | Slime:3  | Annihilated by an azure jelly (49 damage)
 28660 | Slime:3  | Slain by a quicksilver ooze (9 damage)
 28660 | Slime:3  | Slain by an azure jelly (7 damage)
 28660 | Slime:3  | Mangled by an azure jelly (36 damage)
 28661 | Slime:3  | Annihilated by an azure jelly (63 damage)
 28662 | Slime:3  | Annihilated by an azure jelly (66 damage)
 28662 | Slime:3  | Slain by an azure jelly (61 damage)
 28663 | Slime:3  | Annihilated by an azure jelly (34 damage)
 28664 | Slime:3  | HP: 5/127 [drowned by a quicksilver ooze (11)]
 28664 | Slime:3  | Mangled by a quicksilver ooze (14 damage)
 28664 | Slime:3  | Slain by an azure jelly (6 damage)
 28664 | Slime:3  | Mangled by an azure jelly (45 damage)
 28665 | Slime:3  | Mangled by Dissolution (49 damage)
 28665 | Slime:3  | Mangled by an azure jelly (25 damage)
 28666 | Slime:3  | Mangled by an azure jelly (34 damage)
 28666 | Slime:3  | Gained mutation: Potions are less effective at restoring
                  | your health. [a shining eye]
 28666 | Slime:3  | Annihilated by Dissolution (41 damage)
 28667 | Slime:3  | Drowned by a quicksilver ooze (12 damage)
 28667 | Slime:3  | Slain by an azure jelly (51 damage)
 28667 | Slime:3  | Splashed by Dissolution's acid (4 damage)
 28668 | Slime:3  | Demolished by an azure jelly (40 damage)
 28668 | Slime:3  | Mangled by an azure jelly (48 damage)
 28669 | Slime:3  | Mangled by Dissolution (19 damage)
 28669 | Slime:3  | Demolished by an azure jelly (33 damage)
 28670 | Slime:3  | Demolished by an azure jelly (33 damage)
 28670 | Slime:3  | Gained mutation: You sometimes lose the ability to drink
                  | potions when taking damage. [a shining eye]
 28670 | Slime:3  | Annihilated by an azure jelly (40 damage)
 28671 | Slime:3  | Drowned by a quicksilver ooze (13 damage)
 28671 | Slime:3  | Slain by an azure jelly (8 damage)
 28672 | Slime:3  | Demolished by an azure jelly (55 damage)
 28672 | Slime:3  | HP: 6/127 [acid (4)]
 28672 | Slime:3  | Splashed by Dissolution's acid (4 damage)
 28673 | Slime:3  | Drowned by a quicksilver ooze (17 damage)
 28673 | Slime:3  | Annihilated by an azure jelly (33 damage)
 28674 | Slime:3  | HP: 1/127 [azure jelly (11)]
 28674 | Slime:3  | Annihilated by an azure jelly (28 damage)
 28674 | Slime:3  | Annihilated by an azure jelly (64 damage)
 28674 | Slime:3  | Gained mutation: You frequently scream uncontrollably at
                  | your foes. [a shining eye]
 28674 | Slime:3  | Slain by a quicksilver ooze (22 damage)
 28675 | Slime:3  | You fall into a shaft and drop 1 floor!
 34162 | Slime:4  | Lost mutation: You are frail. (-10% HP) [potion of
                  | mutation]
 34162 | Slime:4  | Lost mutation: Potions are less effective at restoring your
                  | health. [potion of mutation]
 34162 | Slime:4  | Gained mutation: You possess an exceptional clarity of
                  | mind. [potion of mutation]
 34275 | Slime:3  | Annihilated by an azure jelly (37 damage)
 34278 | Slime:4  | Slain by an azure jelly (28 damage)
 34279 | Slime:4  | Quit the game

Illustrated notes

Levels and vault maps discovered:
D:1:      dpeg_arrival_orchard, layout_loops_ring
D:2:      layout_basic, minmay_pentomino_r2, uniq_robin, uniq_jessica
D:3:      layout_rooms, shapermc_ecumenical_altar_mp_urbaneastern, uniq_ijyb
D:4:      layout_basic, mainiacjoe_overflow_paths
D:6:      layout_basic, uniq_sigmund
D:7:      cheibrodos_fzero, layout_basic, vehumet_statue,
          minmay_temple_entry_mini_moons, eino_small_chamber_without_monster,
          hangedman_abyss_or_decor_lesser_grid
D:10:     layout_loops_corners, nicolae_gozag_conspicuous_consumption,
          mainiacjoe_overflow_24_doors, gammafunk_temple_overflow_forgotten,
          david_orc_5, ebering_ghost_reflecting_pool, nicolae_underground_beach,
          uniq_maggie, uniq_maurice, uniq_joseph
D:11:     layout_cave_pools, erik_lair_dragon, ebering_dispersal_statue_hall
D:12:     layout_big_octagon, serial_bayou, serial_bayou_pond_e,
          serial_bayou_pond_d, serial_bayou_lake_a, serial_bayou_lagoon_b,
          uniq_gastronok, uniq_kirke
D:13:     layout_irregular_city, minmay_misc_feat_doors, laboratory
D:14:     layout_irregular_city, david_vaults_4, gammafunk_ghost_arena,
          trog_three_pillars_becter
D:15:     hangedman_depths_entry_civil_slaughter, layout_loops_corners,
          hex_medium, uniq_jorgrun
Lair:1:   layout_roguey, fungi_pond_lemuel
Lair:2:   statuecave_lemuel, layout_hall_layers, spider_nest_entry_a,
          dreamdust_mushroom_princess, hibernation_bobbens, grunt_megastairs_2,
          infiniplex_staircase_pool
Lair:3:   layout_regular_city, palyth_hydra_swamp_entry, st_stairs_11,
          grunt_megastairs_3
Lair:4:   layout_misc_corridors, dpeg_slime_entry_enclosed, serial_bayou_shore_b
Lair:5:   due_jungle_book, layout_cave_pods, patterned_corridor
Slime:1:  layout_caves
Slime:2:  layout_caves
Slime:3:  layout_caves, uniq_dissolution
Slime:4:  layout_caves
Slime:5

Skill      XL: |  1  2  3  4  5  6  7  8  9 10 11 12 13 14 15 16 17 |
---------------+----------------------------------------------------+-----
Axes           | 3 4 5 6 7 9 11 12 14 16 17 18 19 20 | 20.0
Fighting       | 4 5 7 8 9 10 12 13 14 15 | 15.5
Armour         | 4 5 6 7 8 9 10 11 12 13 | 13.0
Shields        | 5 6 7 8 9 10 11 13 14 15 | 15.9
Long Blades    | 4 5 |  5.4
Evocations     | 3 |  3.9

Action                     |  1- 3 |  4- 6 |  7- 9 | 10-12 | 13-15 | 16-18 || total
---------------------------+-------+-------+-------+-------+-------+-------++-------
  Melee: War axe           |    64 |   143 |   144 |       |       |    19 ||   370
         Battleaxe         |       |       |    47 |   397 |   649 |   505 ||  1598
  Throw: Boomerang         |       |       |       |     2 |       |       ||     2
Ability: Shaft Self        |       |       |     1 |       |       |     1 ||     2
  Evoke: Wand              |       |       |     1 |       |       |     3 ||     4
         Phantom mirror    |       |       |       |       |     1 |     1 ||     2
         Tin of tremorston |       |       |       |       |       |     2 ||     2
    Use: Scroll            |       |    11 |     2 |     5 |     2 |       ||    20
         Potion            |       |     1 |     2 |       |     2 |     4 ||     9
   Stab: Distracted        |       |       |       |     1 |     1 |     3 ||     5
         Sleeping          |       |       |       |       |     2 |       ||     2
         Petrified         |       |       |       |       |     4 |       ||     4
 Armour: Scale mail        |    32 |    27 |       |       |       |       ||    59
         Chain mail        |       |    55 |    85 |     8 |       |       ||   148
         Swamp dragon scal |       |       |       |   131 |   281 |   105 ||   517
         Plate armour      |       |       |       |     7 |       |       ||     7
  Dodge: Dodged            |    23 |    80 |   105 |   168 |   218 |   241 ||   835
  Block: Buckler           |    21 |    64 |    96 |   165 |    73 |       ||   419
         Tower shield      |       |       |       |       |   533 |   423 ||   956

Table legend: (Time is in decaauts)
 A = Elapsed time spent in this place.
 B = Non-inter-level travel time spent in this place.
 C = Inter-level travel time spent in this place.
 D = Time resting spent in this place.
 E = Time spent auto-exploring this place.
 F = Levels seen in this place.
 G = Mean time per level.
                   A        B        C        D        E       F      G
               +--------+--------+--------+--------+--------+-----+--------+
         Total |  37329 |  36751 |    578 |  16434 |  14297 |  22 | 1696.8 |
       Dungeon |  16769 |  16333 |    436 |   3933 |   9136 |  12 | 1397.4 |
          Lair |   7345 |   7204 |    141 |   1513 |   4205 |   5 | 1469.0 |
    Slime Pits |  13214 |  13214 |      0 |  10988 |    956 |   5 | 2642.8 |
               +--------+--------+--------+--------+--------+-----+--------+

Top non-repeatable levels by time:
 Slime:4: 10147 daAuts
    D:10: 3238 daAuts
  Lair:5: 2786 daAuts
    D:14: 2544 daAuts
    D:12: 2216 daAuts
    D:15: 1944 daAuts
  Lair:3: 1770 daAuts
    D:11: 1532 daAuts
    D:13: 1480 daAuts
     D:6: 1430 daAuts
  Lair:2: 1250 daAuts
 Slime:3: 1224 daAuts
  Lair:4: 958 daAuts
 Slime:1: 891 daAuts
     D:2: 868 daAuts
